 Seeded DCSS version 0.30.1-11-g7821555f0a (webtiles) character file.

Game seed: 12756009894327649987 (custom seed)

228 Psyclone the Destroyer (level 6, 49/49 HPs)
             Began as a Gnoll Conjurer on Nov 6, 2023.
             Quit the game on level 2 of the Dungeon.
             The game lasted 00:04:27 (2272 turns).

Psyclone the Destroyer (Gnoll Conjurer)             Turns: 2272, Time: 00:04:28

Health: 49/49      AC:  2    Str:  7    XL:     6   Next: 2%
Magic:  15/15      EV: 14    Int: 19    God:
Gold:   135        SH:  0    Dex: 10    Spells: 15/18 levels left

rFire   . .          .
                       - Unarmed
rCold   . . .        (no shield)
rNeg    . . .        a - +0 robe
rPois   .            (no helmet)
rElec   .            (no cloak)
rCorr   .            (no gloves)
SInv    .            (no boots)
Will    .....        (no amulet)
Stlth   +++          (no ring)
HPRegen 0.28/turn    (no ring)
MPRegen 0.14/turn

%: no passive effects
@: no status effects
A: fangs 1, strong nose, distributed training
a: no special abilities


You were on level 2 of the Dungeon.
You visited 1 branch of the dungeon, and saw 2 of its levels.

You collected 135 gold pieces.

Inventory:

Armour
 a - a +0 robe (worn)
Jewellery
 c - a ring of flight
 e - a ring of positive energy
 f - an amulet of guardian spirit
Scrolls
 d - 2 scrolls of identify {unknown}
 h - a scroll of noise {unknown}
 i - a scroll of blinking {unknown}
 j - a scroll of magic mapping {unknown}
 k - a scroll of fear {unknown}
 m - a scroll of enchant weapon {unknown}
Potions
 b - a potion of magic
 g - a potion of might {unknown}
 l - a potion of curing {unknown}
 n - 2 potions of degeneration {unknown}
 o - a potion of haste {unknown}


   Skills:
 + Level 4.7 Fighting
 + Level 4.7 Short Blades
 + Level 4.7 Long Blades
 + Level 4.7 Axes
 + Level 4.7 Maces & Flails
 + Level 4.7 Polearms
 + Level 4.7 Staves
 + Level 4.7 Ranged Weapons
 + Level 4.7 Throwing
 + Level 4.7 Armour
 + Level 6.6 Dodging
 + Level 6.3 Stealth
 + Level 4.7 Shields
 + Level 4.7 Unarmed Combat
 + Level 6.9 Spellcasting
 + Level 8.2 Conjurations
 + Level 3.9 Hexes
 + Level 3.9 Summonings
 + Level 3.9 Necromancy
 + Level 3.9 Translocations
 + Level 3.9 Transmutations
 + Level 3.9 Fire Magic
 + Level 3.9 Ice Magic
 + Level 3.9 Air Magic
 + Level 3.9 Earth Magic
 + Level 3.9 Poison Magic
 + Level 5.1 Invocations
 + Level 4.7 Evocations


You had 15 spell levels left.
You knew the following spells:

 Your Spells              Type           Power      Damage    Failure   Level
a - Magic Dart            Conj           100%       1d8       1%          1
b - Searing Ray           Conj           74%        2d7       1%          2

Your spell library contained the following spells:

 Spells                   Type           Power      Damage    Failure   Level
 Dazzling Flash           Conj/Hex       58%        N/A       2%          3
 Fulminant Prism          Conj/Hex       14%        3d9       9%          4
 Iskenderun's Mystic Bla  Conj/Tloc      29%        2d7       9%          4


Dungeon Overview and Level Annotations

Branches:
Dungeon (2/15) Zot: 9726

Altars:


Innate Abilities, Weirdness & Mutations

You have very sharp teeth.
Your uncanny sense of smell can sniff out nearby items.
Your experience applies equally to all skills.


Message History

[the floor.] Removed exclusion.
Crazy Yiuf shouts!
You open the door.
Crazy Yiuf grits, "Earwax!
Citrus sow King."
Casting: Magic Dart (safe; 1% risk of failure)
Confirm with . or Enter, or press ? or * to list all spells.
Aiming: Searing Ray (safe; 1% risk of failure)
Press: ? - help, Shift-Dir - straight line, f - Crazy Yiuf
Aim: Crazy Yiuf, wielding a +4 quarterstaff of chaos and wearing a +0 cloak (83% to hit)
The searing ray hits Crazy Yiuf.
Crazy Yiuf is moderately wounded. (Press . to maintain the ray.) Crazy Yiuf barely misses you.
You now have 12/14 mp.
The searing ray hits Crazy Yiuf.
Crazy Yiuf is moderately wounded.
Crazy Yiuf hits you with a +4 quarterstaff of chaos!
Crazy Yiuf burns you.
You take 11 damage, and have 32/43 hp.
MASSIVE DAMAGE!!
You now have 11/14 mp.
The searing ray hits Crazy Yiuf!
Crazy Yiuf is severely wounded.
Crazy Yiuf closely misses you.
You now have 10/14 mp.
The searing ray hits Crazy Yiuf!
You kill Crazy Yiuf!
You finish channelling your searing ray.
You have reached level 6!
You regained 5 hp, and now have 37/49 hp.
You now have 9/15 mp.
You start resting.
Magic restored.
You regained 11 hp, and now have 48/49 hp.
MP restored: 15 You start resting.
HP restored.
Health restored: 49 Unknown command.
Unknown command.
Are you sure you want to abandon this character and quit the game? (Confirm with "yes".)

#...#.........######.###
#.... #...#...####### #.#
#.... #...##'## #.# #....
#...##.# ### #######
#...#..# #...... #...#..#
#...... ##..'..# ###
♣♣####...... #######..#
#)..#♣♣ ♣♣..'.#......
......'..#
#...)@♣♣♣♣............
#######..#
#...#♣..♣.............
##.# ### ♣♣♣.♣...+..###.##
#.# ♣♣♣♣♣##### #.# #.# #.#
#.#####################.##
#.##.#....#...............
#.##.###.##############.##
#.##............# #.#


There were no monsters in sight!

Vanquished Creatures
  Crazy Yiuf (D:2)
  2 orc priests (D:2)
  3 gnolls (D:2)
  An adder (D:2)
  A worm (D:2)
  A dart slug (D:2)
  3 orcs
  A ball python (D:1)
  3 bats
  5 endoplasms
  A giant cockroach (D:1)
  7 hobgoblins
  4 quokkas
  2 frilled lizards
  6 goblins
  A kobold (D:2)
42 creatures vanquished.

Notes
Turn   | Place    | Note
-------+----------+-------------------------------------------
     0 | D:1      | Psyclone the Gnoll Conjurer began the quest for the Orb.
     0 | D:1      | Reached XP level 1. HP: 13/13 MP: 6/6
    75 | D:2      | Reached XP level 2. HP: 19/19 MP: 3/7
   121 | D:1      | Reached skill level 5 in Dodging
   121 | D:1      | Reached skill level 5 in Stealth
   121 | D:1      | Reached XP level 3. HP: 29/29 MP: 7/10
   122 | D:1      | Reached skill level 8 in Conjurations
   122 | D:1      | Reached skill level 5 in Invocations
   122 | D:1      | Reached XP level 4. HP: 38/38 MP: 7/12
   480 | D:1      | Found a faded altar of an unknown god.
   898 | D:1      | Learned a level 2 spell: Searing Ray
   964 | D:2      | Reached XP level 5. HP: 41/43 MP: 10/14
  2041 | D:2      | Found a runed translucent door.
  2221 | D:2      | Noticed Crazy Yiuf
  2228 | D:2      | Killed Crazy Yiuf
  2229 | D:2      | Reached XP level 6. HP: 37/49 MP: 9/15
  2272 | D:2      | Quit the game

Illustrated notes

Levels and vault maps discovered:
D:1:      dpeg_arrival_pits, layout_basic, ebering_ecumenical_altar_box
D:2:      layout_basic, minmay_goblin_outpost, uniq_crazy_yiuf_cottage

Skill      XL: |  1  2  3 |
---------------+----------+-----
Fighting       | 3 4 |  4.7
Short Blades   | 3 4 |  4.7
Long Blades    | 3 4 |  4.7
Axes           | 3 4 |  4.7
Maces & Flails | 3 4 |  4.7
Polearms       | 3 4 |  4.7
Staves         | 3 4 |  4.7
Ranged Weapons | 3 4 |  4.7
Throwing       | 3 4 |  4.7
Armour         | 3 4 |  4.7
Dodging        | 5 6 |  6.6
Stealth        | 5 6 |  6.3
Shields        | 3 4 |  4.7
Unarmed Combat | 3 4 |  4.7
Spellcasting   | 6 |  6.9
Hexes          | 2 3 |  3.9
Summonings     | 2 3 |  3.9
Necromancy     | 2 3 |  3.9
Translocations | 2 3 |  3.9
Transmutations | 2 3 |  3.9
Fire Magic     | 2 3 |  3.9
Ice Magic      | 2 3 |  3.9
Air Magic      | 2 3 |  3.9
Earth Magic    | 2 3 |  3.9
Poison Magic   | 2 3 |  3.9
Invocations    | 3 5 |  5.1
Evocations     | 3 4 |  4.7
Conjurations   | 8 |  8.2

Action                     |  1- 3 |  4- 6 || total
---------------------------+-------+-------++-------
   Cast: Magic Dart        |     7 |    68 ||    75
         Searing Ray       |       |     4 ||     4
    Use: Potion            |     2 |       ||     2
  Dodge: Dodged            |     4 |    11 ||    15
